BlackHawks vs Blues

Created - January 2, 2017 at 11:55

Goals
1 2 3 T
BlackHawks 1 0 2 3
Blues 1 0 0 1
Shots
1 2 3 T
BlackHawks 11 7 16 34
Blues 12 11 8 31

1st period

1. Blues , Jiri Hudler 7 (Jussi Jokinen) at 9:22
2. BlackHawks , Artemi Panarin 15 (Olli Maatta, Alex Galchenyuk) at 14:27 (PP)

Penalties :
Johnny Boychuk (STL) for Roughing (Minor) at 2:24, Tom Wilson (CHI) for Hooking (Minor) at 9:49, Johnny Boychuk (STL) for High sticking (Minor) at 12:47, Shane Doan (CHI) for Holding (Minor) at 18:29

2nd period

No Goal

Penalties :
Tom Wilson (CHI) for Slashing (Double Minor) at 1:41, Mike Fisher (STL) for Interference (Minor) at 7:56

3rd period

3. BlackHawks , Jack Eichel 13 (Kris Letang, Dion Phaneuf) at 7:30 (PP)
4. BlackHawks , Jack Eichel 14 (Olli Maatta, Patrik Elias) at 18:42

Penalties :
Shane Doan (CHI) for Interference (Minor) at 3:23, Johnny Boychuk (STL) for Roughing (Minor) at 6:27, Tanner Glass (STL) for Holding (Minor) at 15:36

Goalie Stats

Craig Anderson (CHI), 30 saves from 31 shots - (0.968), W, 13-13-3, 60:00 minutes
Antti Niemi (STL), 31 saves from 34 shots - (0.912), L, 10-15-0, 60:00 minutes

Players Stats for BlackHawks

Player Name              G  A  P  +/- PIM S  H  SB GA TA FO     MP     PP MP  PK MP  
------------------------------------------------------------------------------------
Adam McQuaid             0  0  0   1  0   0  2  1  0  0  0/0    19:00   0:00   5:04 
Alex Galchenyuk          0  1  1   0  0   5  2  0  0  0  11/22  20:14   3:57   3:21 
Artemi Panarin           1  0  1   0  0   5  0  0  0  0  0/0    17:40   3:57   0:47 
Deryk Engelland          0  0  0  -1  0   0  2  0  0  0  0/0    16:04   0:00   3:32 
Dion Phaneuf             0  1  1   0  0   2  4  1  0  0  0/0    25:02   5:02   5:04 
Jack Eichel              2  0  2   0  0   5  1  0  0  0  13/26  16:22   4:43   0:00 
Jason Chimera            0  0  0   0  0   0  0  0  0  0  1/1    10:53   0:00   0:00 
John-Michael Liles       0  0  0  -1  0   1  0  1  0  0  0/0    16:25   3:38   0:15 
Kris Letang              0  1  1   0  0   2  1  0  0  0  0/0    24:50   5:02   4:52 
Michael McCarron         0  0  0   0  0   1  3  0  0  0  1/2     5:56   0:00   0:00 
Olli Maatta              0  2  2   1  0   0  0  5  0  0  0/0    22:11   3:38   4:37 
Patrik Elias             0  1  1   0  0   3  0  0  0  0  1/1    16:22   4:43   0:00 
Phil Kessel              0  0  0   0  0   2  1  0  0  0  0/1    16:53   3:57   0:00 
Sam Bennett              0  0  0   0  0   3  0  0  0  0  8/15   10:53   0:00   0:00 
Shane Doan               0  0  0   0  4   3  4  1  0  0  3/3    16:20   4:43   0:00 
Steve Ott                0  0  0   0  0   0  0  0  0  0  2/10   12:05   0:00   6:09 
Tom Wilson               0  0  0   0  6   2  5  1  0  0  0/1    13:22   0:00   2:31 
Trevor Lewis             0  0  0   0  0   0  2  0  0  0  3/11    9:28   0:00   3:32 

Players Stats for Blues

Player Name              G  A  P  +/- PIM S  H  SB GA TA FO     MP     PP MP  PK MP  
------------------------------------------------------------------------------------
Adam Cracknell           0  0  0   0  0   0  0  0  0  0  5/12    6:34   0:02   1:00 
Cal Clutterbuck          0  0  0  -1  0   0  0  0  0  0  0/0    10:58   0:02   0:00 
Chris Wideman            0  0  0  -1  0   0  0  0  0  0  0/0    14:08   0:00   0:06 
Jakub Kindl              0  0  0  -1  0   0  0  1  0  0  0/0    14:59   0:00   0:57 
Jay Bouwmeester          0  0  0   0  0   3  0  3  0  0  0/0    25:31   5:23   5:51 
Jay McClement            0  0  0  -1  0   1  0  0  0  0  8/12   10:56   0:00   0:00 
Jiri Hudler              1  0  1   1  0   4  0  0  0  0  4/12   21:15   4:42   4:58 
Johnny Boychuk           0  0  0   0  6   3  5  0  0  0  0/0    21:48   5:23   2:11 
Jussi Jokinen            0  1  1   1  0   4  0  0  0  0  15/24  18:38   4:42   2:21 
Marian Hossa             0  0  0   0  0   8  0  0  0  0  0/1    18:33   5:12   0:00 
Mark Borowiecki          0  0  0   1  0   0  4  1  0  0  0/0    20:21   4:33   2:43 
Matt Carle               0  0  0   1  0   3  0  3  0  0  0/0    23:10   4:33   5:32 
Michael Raffl            0  0  0   1  0   1  1  0  0  0  1/1    19:09   4:42   2:52 
Mike Fisher              0  0  0   0  2   2  4  0  0  0  16/27  22:52   5:12   4:20 
R.J. Umberger            0  0  0   0  0   1  0  0  0  0  0/0     5:32   0:00   0:00 
Rick Nash                0  0  0   0  0   1  0  0  0  0  1/4    19:05   5:12   0:32 
Rob Klinkhammer          0  0  0   0  0   0  1  0  0  0  0/0     6:51   0:02   1:17 
Tanner Glass             0  0  0  -1  2   0  1  0  0  0  0/0    10:55   0:00   0:00 

3 Stars

1 - Jack Eichel (CHI)
2 - Craig Anderson (CHI)
3 - Olli Maatta (CHI)

Power Play

BlackHawks - 2 on 5 Attempt(s) - 40.00%
Blues - 0 on 5 Attempt(s) - 0.00%

Penalty Kill

BlackHawks - 5 on 5 Attempt(s) - 100.00% - Score 0 goal in Penalty Kill
Blues - 3 on 5 Attempt(s) - 60.00% - Score 0 goal in Penalty Kill

Team Stat

BlackHawks - Hits : 27 - Faceoff Wins : 43 - Blocked Shots : 10 - Penalty Minutes : 10
Blues - Hits : 16 - Faceoff Wins : 50 - Blocked Shots : 8 - Penalty Minutes : 10

Official

Referees : Dan O'Rourke and Chris Rooney
Linesman : Brian Murphy and Pierre Racicot

Game Notes

No Game Note

Finance

Level 1 -- Attendance: 5659 (87.06%) -- Ticket Income $571,559
Level 2 -- Attendance: 3734 (74.68%) -- Ticket Income $317,390
Level 3 -- Attendance: 3384 (96.69%) -- Ticket Income $203,040
Level 4 -- Attendance: 2053 (65.17%) -- Ticket Income $92,385
Luxury Box -- Attendance: 901 (90.10%) -- Ticket Income $180,200
Game was played at the Scottrade Center.
Total Attendance: 15731 (82.15%)
Total Ticket Income: $1,364,574
Other Income: $204,686
Total Income: $1,569,260

% Time on Ice - BlackHawks

Lines # - Real PCT - Wanted PCT - Time Play
Normal Forward
1 - 31% - 30% - 12:56
2 - 28% - 28% - 11:39
3 - 26% - 26% - 10:53
4 - 14% - 16% - 5:56
Normal Defense
1 - 36% - 37% - 14:56
2 - 34% - 34% - 13:56
3 - 30% - 29% - 12:32
4 - 0% - 0% - 0:00
PP Forward
1 - 46% - 55% - 3:57
2 - 54% - 45% - 4:43
PP Defense
1 - 58% - 55% - 5:02
2 - 42% - 45% - 3:38
PK Forward
1 - 64% - 55% - 6:24
2 - 36% - 45% - 3:32
PK Defense
1 - 49% - 50% - 4:52
2 - 51% - 50% - 5:04
PK3 Forward
1 - 0% - 50%
2 - 0% - 50%
PK3 Defense
1 - 0% - 55%
2 - 0% - 45%
44 Forward
1 - 0% - 55%
2 - 0% - 45%
44 Defense
1 - 0% - 55%
2 - 0% - 45%
Last Minute Offensive  - 0:00
Last Minute Defensive  - 0:00
Total
Forward - 60:00
Defense - 60:00

% Time on Ice - Blues

Lines # - Real PCT - Wanted PCT - Time Play
Normal Forward
1 - 32% - 33% - 13:21
2 - 28% - 27% - 11:35
3 - 26% - 24% - 10:56
4 - 13% - 16% - 5:32
Normal Defense
1 - 35% - 35% - 14:17
2 - 32% - 33% - 13:05
3 - 34% - 32% - 14:02
4 - 0% - 0% - 0:00
PP Forward
1 - 53% - 60% - 5:14
2 - 47% - 40% - 4:42
PP Defense
1 - 54% - 60% - 5:23
2 - 46% - 40% - 4:33
PK Forward
1 - 73% - 60% - 6:19
2 - 27% - 40% - 2:21
PK Defense
1 - 69% - 60% - 5:57
2 - 31% - 40% - 2:43
PK3 Forward
1 - 0% - 60%
2 - 0% - 40%
PK3 Defense
1 - 0% - 60%
2 - 0% - 40%
44 Forward
1 - 0% - 60%
2 - 0% - 40%
44 Defense
1 - 0% - 60%
2 - 0% - 40%
Last Minute Offensive  - 0:00
Last Minute Defensive  - 0:00
Total
Forward - 60:00
Defense - 60:00

Play by Play

1st period


0:01 of 1st period - Mike Fisher wins face-off versus Alex Galchenyuk in neutral zone.
0:03 of 1st period - Off-side.
0:04 of 1st period - Jussi Jokinen wins face-off versus Jack Eichel in neutral zone.
0:09 of 1st period - Shot by Jussi Jokinen.
0:09 of 1st period - Stopped by Craig Anderson with a rebound.
0:14 of 1st period - Shane Doan is hit by Mark Borowiecki.
2:24 of 1st period - Minor Penalty to Johnny Boychuk for Roughing.
2:25 of 1st period - Jack Eichel wins face-off versus Jiri Hudler in Blues zone.
2:28 of 1st period - Shot by Kris Letang.
2:28 of 1st period - Shot Blocked by Matt Carle.
2:52 of 1st period - Shot by Patrik Elias.
2:52 of 1st period - Shot Misses the Net.
2:54 of 1st period - Shot by Kris Letang.
2:54 of 1st period - Stopped by Antti Niemi with a rebound.
2:56 of 1st period - Shot by Shane Doan.
2:56 of 1st period - Shot Misses the Net.
2:58 of 1st period - Shot by Kris Letang.
2:58 of 1st period - Stopped by Antti Niemi without a rebound.
2:59 of 1st period - Michael Raffl wins face-off versus Alex Galchenyuk in Blues zone.
3:12 of 1st period - Shot by Phil Kessel.
3:12 of 1st period - Shot Misses the Net.
3:14 of 1st period - Shot by Alex Galchenyuk.
3:14 of 1st period - Shot Misses the Net.
3:32 of 1st period - Shot by Phil Kessel.
3:32 of 1st period - Shot Misses the Net.
3:50 of 1st period - Shot by Dion Phaneuf.
3:50 of 1st period - Shot Misses the Net.
4:45 of 1st period - Adam Cracknell is hit by Michael McCarron and loses puck.
4:55 of 1st period - Icing by Rob Klinkhammer.
4:56 of 1st period - Adam Cracknell wins face-off versus Sam Bennett in Blues zone.
4:56 of 1st period - Adam Cracknell is hit by Tom Wilson.
5:18 of 1st period - Shot by Tom Wilson.
5:18 of 1st period - Stopped by Antti Niemi without a rebound.
5:19 of 1st period - Alex Galchenyuk wins face-off versus Jay McClement in Blues zone.
5:19 of 1st period - Alex Galchenyuk is hit by Johnny Boychuk.
5:41 of 1st period - Shot by Artemi Panarin.
5:41 of 1st period - Stopped by Antti Niemi without a rebound.
5:42 of 1st period - Mike Fisher wins face-off versus Jack Eichel in Blues zone.
5:42 of 1st period - Mike Fisher is hit by Shane Doan.
6:12 of 1st period - Shot by Mike Fisher.
6:12 of 1st period - Deflect By Rick Nash.
6:12 of 1st period - Shot Blocked by Shane Doan.
6:56 of 1st period - Shot by Jussi Jokinen.
6:56 of 1st period - Stopped by Craig Anderson without a rebound.
6:57 of 1st period - Jay McClement wins face-off versus Sam Bennett in BlackHawks zone.
7:13 of 1st period - Off-side.
7:14 of 1st period - Adam Cracknell wins face-off versus Alex Galchenyuk in neutral zone.
7:43 of 1st period - Shot by Artemi Panarin.
7:43 of 1st period - Shot Misses the Net.
8:13 of 1st period - Trevor Lewis is hit by Mike Fisher and loses puck.
9:02 of 1st period - Shot by Sam Bennett.
9:02 of 1st period - Stopped by Antti Niemi without a rebound.
9:03 of 1st period - Jack Eichel wins face-off versus Jussi Jokinen in Blues zone.
9:05 of 1st period - Shane Doan is hit by Mark Borowiecki and loses puck.
9:22 of 1st period - Shot by Jiri Hudler.
9:22 of 1st period - Goal by Jiri Hudler - BlackHawks : 0 - Blues : 1.
9:23 of 1st period - Sam Bennett wins face-off versus Jay McClement in neutral zone.
9:49 of 1st period - Minor Penalty to Tom Wilson for Hooking.
9:50 of 1st period - Jussi Jokinen wins face-off versus Steve Ott in BlackHawks zone.
10:05 of 1st period - Shot by Michael Raffl.
10:05 of 1st period - Shot Blocked by Dion Phaneuf.
10:19 of 1st period - Shot by Jiri Hudler.
10:19 of 1st period - Shot Blocked by Adam McQuaid.
10:55 of 1st period - Johnny Boychuk is hit by Trevor Lewis and loses puck.
11:02 of 1st period - Shot by Jay Bouwmeester.
11:02 of 1st period - Stopped by Craig Anderson without a rebound.
11:03 of 1st period - Mike Fisher wins face-off versus Steve Ott in BlackHawks zone.
11:16 of 1st period - Shot by Johnny Boychuk.
11:16 of 1st period - Stopped by Craig Anderson without a rebound.
11:17 of 1st period - Mike Fisher wins face-off versus Steve Ott in BlackHawks zone.
11:58 of 1st period - Off-side.
11:59 of 1st period - Sam Bennett wins face-off versus Jussi Jokinen in neutral zone.
12:01 of 1st period - John-Michael Liles is hit by Mark Borowiecki and loses puck.
12:22 of 1st period - Shot by Jussi Jokinen.
12:22 of 1st period - Stopped by Craig Anderson without a rebound.
12:23 of 1st period - Jack Eichel wins face-off versus Jay McClement in BlackHawks zone.
12:34 of 1st period - Shot by Jay McClement.
12:34 of 1st period - Stopped by Craig Anderson without a rebound.
12:35 of 1st period - Sam Bennett wins face-off versus Mike Fisher in BlackHawks zone.
12:47 of 1st period - Minor Penalty to Johnny Boychuk for High sticking.
12:48 of 1st period - Mike Fisher wins face-off versus Phil Kessel in Blues zone.
13:05 of 1st period - Shot by Alex Galchenyuk.
13:05 of 1st period - Stopped by Antti Niemi with a rebound.
13:07 of 1st period - Shot by Artemi Panarin.
13:07 of 1st period - Stopped by Antti Niemi without a rebound.
13:08 of 1st period - Jiri Hudler wins face-off versus Jack Eichel in Blues zone.
13:37 of 1st period - Shot by Jack Eichel.
13:37 of 1st period - Shot Misses the Net.
14:13 of 1st period - Shot by Alex Galchenyuk.
14:13 of 1st period - Shot Blocked by Jay Bouwmeester.
14:15 of 1st period - Shot by John-Michael Liles.
14:15 of 1st period - Shot Blocked by Jay Bouwmeester.
14:17 of 1st period - Shot by John-Michael Liles.
14:17 of 1st period - Shot Misses the Net.
14:19 of 1st period - Shot by John-Michael Liles.
14:19 of 1st period - Stopped by Antti Niemi with a rebound.
14:21 of 1st period - Shot by Alex Galchenyuk.
14:21 of 1st period - Stopped by Antti Niemi without a rebound.
14:22 of 1st period - Alex Galchenyuk wins face-off versus Mike Fisher in Blues zone.
14:27 of 1st period - Shot by Artemi Panarin.
14:27 of 1st period - Goal by Artemi Panarin - BlackHawks : 1 - Blues : 1.
14:28 of 1st period - Mike Fisher wins face-off versus Sam Bennett in neutral zone.
14:35 of 1st period - Shot by Rick Nash.
14:35 of 1st period - Shot Misses the Net.
14:37 of 1st period - Shot by Marian Hossa.
14:37 of 1st period - Shot Misses the Net.
14:39 of 1st period - Shot by Rick Nash.
14:39 of 1st period - Shot Misses the Net.
14:41 of 1st period - Shot by Marian Hossa.
14:41 of 1st period - Shot Misses the Net.
14:43 of 1st period - Shot by Marian Hossa.
14:43 of 1st period - Shot Misses the Net.
14:45 of 1st period - Shot by Marian Hossa.
14:45 of 1st period - Stopped by Craig Anderson with a rebound.
14:53 of 1st period - Shot by Marian Hossa.
14:53 of 1st period - Stopped by Craig Anderson without a rebound.
14:54 of 1st period - Jay McClement wins face-off versus Alex Galchenyuk in BlackHawks zone.
14:54 of 1st period - Jay McClement is hit by Dion Phaneuf.
15:00 of 1st period - Shot by Cal Clutterbuck.
15:00 of 1st period - Shot Misses the Net.
15:02 of 1st period - Shot by Jay McClement.
15:02 of 1st period - Shot Misses the Net.
15:04 of 1st period - Shot by Johnny Boychuk.
15:04 of 1st period - Stopped by Craig Anderson with a rebound.
16:15 of 1st period - Icing by John-Michael Liles.
16:16 of 1st period - Shane Doan wins face-off versus Mike Fisher in BlackHawks zone.
16:21 of 1st period - Marian Hossa is hit by Jack Eichel and loses puck.
16:26 of 1st period - Shot by Jack Eichel.
16:26 of 1st period - Deflect By Patrik Elias.
16:26 of 1st period - Stopped by Antti Niemi without a rebound.
16:27 of 1st period - Adam Cracknell wins face-off versus Steve Ott in Blues zone.
16:27 of 1st period - Adam Cracknell is hit by Trevor Lewis.
17:44 of 1st period - Shot by Marian Hossa.
17:44 of 1st period - Stopped by Craig Anderson without a rebound.
17:45 of 1st period - Jack Eichel wins face-off versus Jussi Jokinen in BlackHawks zone.
18:29 of 1st period - Minor Penalty to Shane Doan for Holding.
18:30 of 1st period - Mike Fisher wins face-off versus Steve Ott in BlackHawks zone.
18:33 of 1st period - Shot by Marian Hossa.
18:33 of 1st period - Shot Misses the Net.
19:35 of 1st period - Shot by Jiri Hudler.
19:35 of 1st period - Stopped by Craig Anderson without a rebound.
19:36 of 1st period - Steve Ott wins face-off versus Jussi Jokinen in BlackHawks zone.
Goals for this period are 1 for BlackHawks vs 1 for Blues.
Shots for this period are 11 for BlackHawks vs 12 for Blues.

2nd period


0:01 of 2nd period - Mike Fisher wins face-off versus Steve Ott in neutral zone.
0:04 of 2nd period - Kris Letang is hit by Mike Fisher and loses puck.
0:09 of 2nd period - Shot by Rick Nash.
0:09 of 2nd period - Shot Blocked by Olli Maatta.
0:11 of 2nd period - Shot by Marian Hossa.
0:11 of 2nd period - Stopped by Craig Anderson with a rebound.
0:13 of 2nd period - Shot by Jay Bouwmeester.
0:13 of 2nd period - Shot Misses the Net.
0:15 of 2nd period - Shot by Rick Nash.
0:15 of 2nd period - Shot Blocked by Olli Maatta.
0:17 of 2nd period - Shot by Jay Bouwmeester.
0:17 of 2nd period - Stopped by Craig Anderson without a rebound.
0:18 of 2nd period - Jussi Jokinen wins face-off versus Trevor Lewis in BlackHawks zone.
0:23 of 2nd period - Shot by Jussi Jokinen.
0:23 of 2nd period - Deflect By Jiri Hudler.
0:23 of 2nd period - Shot Misses the Net.
1:06 of 2nd period - Shot by Artemi Panarin.
1:06 of 2nd period - Deflect By Phil Kessel.
1:06 of 2nd period - Stopped by Antti Niemi without a rebound.
1:07 of 2nd period - Sam Bennett wins face-off versus Mike Fisher in Blues zone.
1:41 of 2nd period - Double Minor Penalty to Tom Wilson for Slashing.
1:42 of 2nd period - Jussi Jokinen wins face-off versus Trevor Lewis in BlackHawks zone.
1:47 of 2nd period - Shot by Jiri Hudler.
1:47 of 2nd period - Stopped by Craig Anderson with a rebound.
3:04 of 2nd period - Shot by Matt Carle.
3:04 of 2nd period - Stopped by Craig Anderson without a rebound.
3:05 of 2nd period - Mike Fisher wins face-off versus Trevor Lewis in BlackHawks zone.
3:14 of 2nd period - Icing by Jay Bouwmeester.
3:15 of 2nd period - Mike Fisher wins face-off versus Trevor Lewis in Blues zone.
3:15 of 2nd period - Marian Hossa is hit by Deryk Engelland and loses puck.
4:29 of 2nd period - Off-side.
4:30 of 2nd period - Trevor Lewis wins face-off versus Mike Fisher in neutral zone.
4:59 of 2nd period - Kris Letang is hit by Mike Fisher and loses puck.
6:18 of 2nd period - Shot by Patrik Elias.
6:18 of 2nd period - Stopped by Antti Niemi without a rebound.
6:19 of 2nd period - Sam Bennett wins face-off versus Adam Cracknell in Blues zone.
6:41 of 2nd period - Shot by Tom Wilson.
6:41 of 2nd period - Stopped by Antti Niemi without a rebound.
6:42 of 2nd period - Alex Galchenyuk wins face-off versus Mike Fisher in Blues zone.
6:57 of 2nd period - Shot by Marian Hossa.
6:57 of 2nd period - Stopped by Craig Anderson without a rebound.
6:58 of 2nd period - Jussi Jokinen wins face-off versus Jack Eichel in BlackHawks zone.
7:23 of 2nd period - Shot by Shane Doan.
7:23 of 2nd period - Shot Misses the Net.
7:25 of 2nd period - Shot by Jack Eichel.
7:25 of 2nd period - Shot Blocked by Mark Borowiecki.
7:56 of 2nd period - Minor Penalty to Mike Fisher for Interference.
7:57 of 2nd period - Alex Galchenyuk wins face-off versus Jiri Hudler in Blues zone.
7:59 of 2nd period - Artemi Panarin is hit by Johnny Boychuk and loses puck.
8:17 of 2nd period - Shot by Dion Phaneuf.
8:17 of 2nd period - Deflect By Alex Galchenyuk.
8:17 of 2nd period - Stopped by Antti Niemi without a rebound.
8:18 of 2nd period - Jack Eichel wins face-off versus Adam Cracknell in Blues zone.
8:36 of 2nd period - Icing by Olli Maatta.
8:37 of 2nd period - Jack Eichel wins face-off versus Jiri Hudler in BlackHawks zone.
9:19 of 2nd period - Shot by Alex Galchenyuk.
9:19 of 2nd period - Shot Blocked by Matt Carle.
10:17 of 2nd period - Shot by Michael McCarron.
10:17 of 2nd period - Stopped by Antti Niemi with a rebound.
10:34 of 2nd period - Shot by Trevor Lewis.
10:34 of 2nd period - Shot Misses the Net.
11:11 of 2nd period - Matt Carle is hit by Deryk Engelland and loses puck.
11:18 of 2nd period - Shot by Marian Hossa.
11:18 of 2nd period - Shot Blocked by John-Michael Liles.
11:20 of 2nd period - Shot by Marian Hossa.
11:20 of 2nd period - Stopped by Craig Anderson without a rebound.
11:21 of 2nd period - Alex Galchenyuk wins face-off versus Adam Cracknell in BlackHawks zone.
11:21 of 2nd period - Alex Galchenyuk is hit by Rob Klinkhammer.
11:26 of 2nd period - Kris Letang is hit by Johnny Boychuk.
11:54 of 2nd period - Alex Galchenyuk is hit by Johnny Boychuk and loses puck.
12:17 of 2nd period - Mark Borowiecki is hit by Phil Kessel and loses puck.
12:40 of 2nd period - Shot by Sam Bennett.
12:40 of 2nd period - Shot Misses the Net.
12:42 of 2nd period - Shot by Jason Chimera.
12:42 of 2nd period - Shot Misses the Net.
12:44 of 2nd period - Shot by John-Michael Liles.
12:44 of 2nd period - Shot Misses the Net.
12:55 of 2nd period - Off-side.
12:56 of 2nd period - Jack Eichel wins face-off versus Jiri Hudler in neutral zone.
13:01 of 2nd period - Shot by Shane Doan.
13:01 of 2nd period - Stopped by Antti Niemi without a rebound.
13:02 of 2nd period - Jack Eichel wins face-off versus Jussi Jokinen in Blues zone.
13:33 of 2nd period - Shot by Jussi Jokinen.
13:33 of 2nd period - Shot Misses the Net.
13:35 of 2nd period - Shot by Michael Raffl.
13:35 of 2nd period - Shot Misses the Net.
13:37 of 2nd period - Shot by Michael Raffl.
13:37 of 2nd period - Shot Misses the Net.
13:39 of 2nd period - Shot by Jiri Hudler.
13:39 of 2nd period - Stopped by Craig Anderson without a rebound.
13:40 of 2nd period - Sam Bennett wins face-off versus Marian Hossa in BlackHawks zone.
13:45 of 2nd period - Rick Nash is hit by Tom Wilson and loses puck.
15:17 of 2nd period - Shot by Artemi Panarin.
15:17 of 2nd period - Stopped by Antti Niemi with a rebound.
15:23 of 2nd period - Cal Clutterbuck is hit by Dion Phaneuf and loses puck.
15:34 of 2nd period - Kris Letang is hit by Tanner Glass and loses puck.
15:49 of 2nd period - Shot by Jiri Hudler.
15:49 of 2nd period - Deflect By Jussi Jokinen.
15:49 of 2nd period - Stopped by Craig Anderson without a rebound.
15:50 of 2nd period - Jack Eichel wins face-off versus Adam Cracknell in BlackHawks zone.
16:20 of 2nd period - Icing by Johnny Boychuk.
16:21 of 2nd period - Adam Cracknell wins face-off versus Steve Ott in Blues zone.
16:30 of 2nd period - Shot by R.J. Umberger.
16:30 of 2nd period - Stopped by Craig Anderson without a rebound.
16:31 of 2nd period - Sam Bennett wins face-off versus Mike Fisher in BlackHawks zone.
17:09 of 2nd period - Off-side.
17:10 of 2nd period - Alex Galchenyuk wins face-off versus Jussi Jokinen in neutral zone.
17:26 of 2nd period - Shot by Phil Kessel.
17:26 of 2nd period - Shot Hit the Post.
17:35 of 2nd period - Off-side.
17:36 of 2nd period - Jay McClement wins face-off versus Jack Eichel in neutral zone.
17:36 of 2nd period - Matt Carle is hit by Shane Doan and loses puck.
17:40 of 2nd period - Off-side.
17:41 of 2nd period - Jack Eichel wins face-off versus Mike Fisher in neutral zone.
17:49 of 2nd period - Icing by Marian Hossa.
17:50 of 2nd period - Mike Fisher wins face-off versus Alex Galchenyuk in Blues zone.
17:57 of 2nd period - Shot by Marian Hossa.
17:57 of 2nd period - Stopped by Craig Anderson without a rebound.
17:58 of 2nd period - Mike Fisher wins face-off versus Jack Eichel in BlackHawks zone.
18:24 of 2nd period - Icing by Johnny Boychuk.
18:25 of 2nd period - Alex Galchenyuk wins face-off versus Rick Nash in Blues zone.
18:26 of 2nd period - Shot by Phil Kessel.
18:26 of 2nd period - Shot Misses the Net.
18:33 of 2nd period - Mike Fisher is hit by Adam McQuaid and loses puck.
19:08 of 2nd period - Shot by Jussi Jokinen.
19:08 of 2nd period - Shot Blocked by Olli Maatta.
19:10 of 2nd period - Shot by Matt Carle.
19:10 of 2nd period - Stopped by Craig Anderson without a rebound.
19:11 of 2nd period - Jay McClement wins face-off versus Jack Eichel in BlackHawks zone.
19:11 of 2nd period - Cal Clutterbuck is hit by Kris Letang.
19:32 of 2nd period - Off-side.
19:33 of 2nd period - Jussi Jokinen wins face-off versus Tom Wilson in neutral zone.
19:37 of 2nd period - Off-side.
19:38 of 2nd period - Jussi Jokinen wins face-off versus Sam Bennett in neutral zone.
Goals for this period are 0 for BlackHawks vs 0 for Blues.
Shots for this period are 7 for BlackHawks vs 11 for Blues.

3rd period


0:01 of 3rd period - Alex Galchenyuk wins face-off versus Rick Nash in neutral zone.
0:15 of 3rd period - Shot by Mike Fisher.
0:15 of 3rd period - Stopped by Craig Anderson without a rebound.
0:16 of 3rd period - Jussi Jokinen wins face-off versus Jack Eichel in BlackHawks zone.
0:23 of 3rd period - Shot by Michael Raffl.
0:23 of 3rd period - Stopped by Craig Anderson without a rebound.
0:24 of 3rd period - Jack Eichel wins face-off versus Rick Nash in BlackHawks zone.
0:24 of 3rd period - Jack Eichel is hit by Mike Fisher.
0:29 of 3rd period - Off-side.
0:30 of 3rd period - Mike Fisher wins face-off versus Sam Bennett in neutral zone.
1:31 of 3rd period - Shot by Shane Doan.
1:31 of 3rd period - Shot Misses the Net.
1:43 of 3rd period - Shot by Shane Doan.
1:43 of 3rd period - Stopped by Antti Niemi without a rebound.
1:44 of 3rd period - Jussi Jokinen wins face-off versus Alex Galchenyuk in Blues zone.
1:44 of 3rd period - Jussi Jokinen is hit by Alex Galchenyuk.
2:21 of 3rd period - Icing by Jussi Jokinen.
2:22 of 3rd period - Shane Doan wins face-off versus Jussi Jokinen in Blues zone.
2:23 of 3rd period - Shot by Jack Eichel.
2:23 of 3rd period - Stopped by Antti Niemi without a rebound.
2:24 of 3rd period - Jack Eichel wins face-off versus Jay McClement in Blues zone.
2:31 of 3rd period - Shot by Patrik Elias.
2:31 of 3rd period - Stopped by Antti Niemi without a rebound.
2:32 of 3rd period - Jay McClement wins face-off versus Trevor Lewis in Blues zone.
2:32 of 3rd period - Cal Clutterbuck is hit by Michael McCarron.
2:41 of 3rd period - Chris Wideman is hit by Michael McCarron and loses puck.
3:23 of 3rd period - Minor Penalty to Shane Doan for Interference.
3:24 of 3rd period - Steve Ott wins face-off versus Mike Fisher in BlackHawks zone.
3:30 of 3rd period - Off-side.
3:31 of 3rd period - Rick Nash wins face-off versus Steve Ott in neutral zone.
3:58 of 3rd period - Shot by Jay Bouwmeester.
3:58 of 3rd period - Shot Blocked by Tom Wilson.
4:00 of 3rd period - Shot by Rick Nash.
4:00 of 3rd period - Deflect By Mike Fisher.
4:00 of 3rd period - Stopped by Craig Anderson without a rebound.
4:01 of 3rd period - Jussi Jokinen wins face-off versus Trevor Lewis in BlackHawks zone.
4:02 of 3rd period - Shot by Matt Carle.
4:02 of 3rd period - Stopped by Craig Anderson without a rebound.
4:03 of 3rd period - Trevor Lewis wins face-off versus Jussi Jokinen in BlackHawks zone.
4:20 of 3rd period - Shot by Jussi Jokinen.
4:20 of 3rd period - Deflect By Michael Raffl.
4:20 of 3rd period - Shot Blocked by Olli Maatta.
4:38 of 3rd period - Shot by Jussi Jokinen.
4:38 of 3rd period - Shot Misses the Net.
5:10 of 3rd period - Shot by Rick Nash.
5:10 of 3rd period - Deflect By Marian Hossa.
5:10 of 3rd period - Shot Misses the Net.
5:12 of 3rd period - Shot by Johnny Boychuk.
5:12 of 3rd period - Stopped by Craig Anderson without a rebound.
5:13 of 3rd period - Mike Fisher wins face-off versus Trevor Lewis in BlackHawks zone.
5:18 of 3rd period - Shot by Jay Bouwmeester.
5:18 of 3rd period - Stopped by Craig Anderson without a rebound.
5:19 of 3rd period - Trevor Lewis wins face-off versus Mike Fisher in BlackHawks zone.
5:29 of 3rd period - Icing by Chris Wideman.
5:30 of 3rd period - Jay McClement wins face-off versus Alex Galchenyuk in Blues zone.
5:39 of 3rd period - Shot by Cal Clutterbuck.
5:39 of 3rd period - Shot Misses the Net.
5:53 of 3rd period - Shot by Alex Galchenyuk.
5:53 of 3rd period - Stopped by Antti Niemi without a rebound.
5:54 of 3rd period - Jussi Jokinen wins face-off versus Jack Eichel in Blues zone.
5:54 of 3rd period - Jussi Jokinen is hit by Shane Doan.
6:02 of 3rd period - Icing by Dion Phaneuf.
6:03 of 3rd period - Mike Fisher wins face-off versus Jack Eichel in BlackHawks zone.
6:03 of 3rd period - Jay Bouwmeester is hit by Dion Phaneuf.
6:20 of 3rd period - Kris Letang is hit by Johnny Boychuk.
6:27 of 3rd period - Minor Penalty to Johnny Boychuk for Roughing.
6:28 of 3rd period - Alex Galchenyuk wins face-off versus Jiri Hudler in Blues zone.
6:39 of 3rd period - Shot by Alex Galchenyuk.
6:39 of 3rd period - Shot Blocked by Matt Carle.
6:49 of 3rd period - Shot by Alex Galchenyuk.
6:49 of 3rd period - Stopped by Antti Niemi without a rebound.
6:50 of 3rd period - Jiri Hudler wins face-off versus Jack Eichel in Blues zone.
7:30 of 3rd period - Shot by Jack Eichel.
7:30 of 3rd period - Goal by Jack Eichel - BlackHawks : 2 - Blues : 1.
7:31 of 3rd period - Sam Bennett wins face-off versus Adam Cracknell in neutral zone.
8:10 of 3rd period - Chris Wideman is hit by Tom Wilson.
8:32 of 3rd period - Shot by Artemi Panarin.
8:32 of 3rd period - Shot Misses the Net.
9:08 of 3rd period - Off-side.
9:09 of 3rd period - Jussi Jokinen wins face-off versus Jack Eichel in neutral zone.
9:45 of 3rd period - Jussi Jokinen is hit by Dion Phaneuf and loses puck.
10:24 of 3rd period - Shot by Sam Bennett.
10:24 of 3rd period - Stopped by Antti Niemi without a rebound.
10:25 of 3rd period - Jay McClement wins face-off versus Alex Galchenyuk in Blues zone.
11:08 of 3rd period - Jay Bouwmeester is hit by Alex Galchenyuk and loses puck.
11:27 of 3rd period - Shot by Marian Hossa.
11:27 of 3rd period - Stopped by Craig Anderson with a rebound.
11:31 of 3rd period - Shot by Rick Nash.
11:31 of 3rd period - Stopped by Craig Anderson without a rebound.
11:32 of 3rd period - Jussi Jokinen wins face-off versus Sam Bennett in BlackHawks zone.
11:32 of 3rd period - Jakub Kindl is hit by Adam McQuaid and loses puck.
11:55 of 3rd period - Shot by Sam Bennett.
11:55 of 3rd period - Stopped by Antti Niemi without a rebound.
11:56 of 3rd period - Shane Doan wins face-off versus Mike Fisher in Blues zone.
11:56 of 3rd period - Kris Letang is hit by Mark Borowiecki and loses puck.
12:13 of 3rd period - Shot by Mike Fisher.
12:13 of 3rd period - Shot Misses the Net.
13:10 of 3rd period - Shot by Jussi Jokinen.
13:10 of 3rd period - Shot Blocked by Olli Maatta.
13:25 of 3rd period - Icing by Olli Maatta.
13:26 of 3rd period - Jason Chimera wins face-off versus Adam Cracknell in BlackHawks zone.
13:32 of 3rd period - Icing by Chris Wideman.
13:33 of 3rd period - Michael McCarron wins face-off versus Adam Cracknell in Blues zone.
13:48 of 3rd period - Icing by Steve Ott.
13:49 of 3rd period - Mike Fisher wins face-off versus Michael McCarron in BlackHawks zone.
13:54 of 3rd period - Shot by Marian Hossa.
13:54 of 3rd period - Shot Misses the Net.
14:12 of 3rd period - Shot by Steve Ott.
14:12 of 3rd period - Deflect By Trevor Lewis.
14:12 of 3rd period - Shot Misses the Net.
14:41 of 3rd period - Icing by Adam McQuaid.
14:42 of 3rd period - Jussi Jokinen wins face-off versus Alex Galchenyuk in BlackHawks zone.
15:00 of 3rd period - Artemi Panarin is hit by Michael Raffl and loses puck.
15:36 of 3rd period - Minor Penalty to Tanner Glass for Holding.
15:37 of 3rd period - Adam Cracknell wins face-off versus Jack Eichel in Blues zone.
15:37 of 3rd period - Adam Cracknell is hit by Shane Doan.
16:01 of 3rd period - Shot by Jack Eichel.
16:01 of 3rd period - Stopped by Antti Niemi without a rebound.
16:02 of 3rd period - Patrik Elias wins face-off versus Jiri Hudler in Blues zone.
16:03 of 3rd period - Shot by Kris Letang.
16:03 of 3rd period - Shot Blocked by Jay Bouwmeester.
16:05 of 3rd period - Shot by Shane Doan.
16:05 of 3rd period - Deflect By Jack Eichel.
16:05 of 3rd period - Stopped by Antti Niemi with a rebound.
16:15 of 3rd period - Shot by Shane Doan.
16:15 of 3rd period - Stopped by Antti Niemi without a rebound.
16:16 of 3rd period - Alex Galchenyuk wins face-off versus Jiri Hudler in Blues zone.
16:17 of 3rd period - Shot by Artemi Panarin.
16:17 of 3rd period - Deflect By Phil Kessel.
16:17 of 3rd period - Stopped by Antti Niemi without a rebound.
16:18 of 3rd period - Jiri Hudler wins face-off versus Alex Galchenyuk in Blues zone.
16:26 of 3rd period - Icing by Olli Maatta.
16:27 of 3rd period - Jiri Hudler wins face-off versus Alex Galchenyuk in BlackHawks zone.
16:42 of 3rd period - Shot by Artemi Panarin.
16:42 of 3rd period - Shot Misses the Net.
16:53 of 3rd period - Off-side.
16:54 of 3rd period - Jack Eichel wins face-off versus Jiri Hudler in neutral zone.
17:21 of 3rd period - Shot by Dion Phaneuf.
17:21 of 3rd period - Stopped by Antti Niemi without a rebound.
17:22 of 3rd period - Alex Galchenyuk wins face-off versus Jussi Jokinen in Blues zone.
17:33 of 3rd period - Shot by Artemi Panarin.
17:33 of 3rd period - Shot Misses the Net.
17:35 of 3rd period - Shot by Artemi Panarin.
17:35 of 3rd period - Stopped by Antti Niemi without a rebound.
17:36 of 3rd period - Jay McClement wins face-off versus Sam Bennett in Blues zone.
17:36 of 3rd period - Jay McClement is hit by Tom Wilson.
17:51 of 3rd period - Shot by Jason Chimera.
17:51 of 3rd period - Shot Misses the Net.
17:53 of 3rd period - Shot by Dion Phaneuf.
17:53 of 3rd period - Shot Blocked by Jakub Kindl.
17:55 of 3rd period - Shot by Dion Phaneuf.
17:55 of 3rd period - Stopped by Antti Niemi with a rebound.
18:07 of 3rd period - Cal Clutterbuck is hit by Tom Wilson and loses puck.
18:38 of 3rd period - Shot by Patrik Elias.
18:38 of 3rd period - Shot Hit the Post.
18:40 of 3rd period - Shot by Olli Maatta.
18:40 of 3rd period - Shot Misses the Net.
18:42 of 3rd period - Shot by Jack Eichel.
18:42 of 3rd period - Goal by Jack Eichel - BlackHawks : 3 - Blues : 1.
18:43 of 3rd period - Jussi Jokinen wins face-off versus Trevor Lewis in neutral zone.
Goals for this period are 2 for BlackHawks vs 0 for Blues.
Shots for this period are 16 for BlackHawks vs 8 for Blues.